 Dungeon Crawl Stone Soup version 0.30-a0-297-g0ec75d9ef4 (webtiles) character file.

Game seed: 4675071214230327959

6923 porpoise the Carver (level 11, -15/90 HPs)
             Began as a Merfolk Gladiator on Oct 19, 2022.
             Was a Believer of Uskayaw.
             Demolished by an orc knight
             ... wielding a +0 halberd
              (25 damage)
             ... in a bailey on Oct 20, 2022.
             The game lasted 00:37:05 (8412 turns).

porpoise the Carver (Merfolk Gladiator)             Turns: 8412, Time: 00:37:05

Health: -15/90     AC: 11    Str: 16    XL:     11   Next: 7%
Magic:  16/16      EV: 14    Int:  7    God:    Uskayaw [**....]
Gold:   354        SH:  0    Dex: 19    Spells: 10/10 levels left

rFire   . . .      SeeInvis .    a - +7 Throatcutter {drain, coup de grace}
rCold   . . .      Faith    .    (no shield)
rNeg    . . .      Spirit   .    v - +0 steam dragon scales
rPois   .          Reflect  .    c - +0 helmet
rElec   .          Harm     .    i - +0 cloak
rCorr   .          Rampage  .    u - +1 pair of gloves
Will    +....                    (no boots)
Stlth   ++........               (no amulet)
HPRegen 0.35/turn                h - ring of willpower
MPRegen 0.15/turn                (no ring)

@: hasted, very quick
A: (nimble swimmer 2), mertail
a: Renounce Religion, Stomp, Line Pass


You were in a bailey.
You worshipped Uskayaw.
Uskayaw was noncommittal.
You visited 1 branch of the dungeon, and saw 8 of its levels.
You also visited: Sewer and Bailey.

You collected 576 gold pieces.
You spent 222 gold pieces at shops.

Inventory:

Hand Weapons
 a - the +7 Throatcutter (weapon) {drain, coup de grace}
   (You found it on level 6 of the Dungeon)

   A truly terrible weapon, it drains the life of any living foe it strikes.
   It may instantly kill foes which have little health.
 b - a +0 sling
 J - a +2 trident of freezing
 K - a +3 hammer of draining
 O - a +0 long sword
Missiles
 d - 2 throwing nets
 e - a javelin
 w - 6 boomerangs
 A - 12 poisoned darts (quivered)
Armour
 c - a +0 helmet (worn)
 f - a +0 ring mail
 i - a +0 cloak (worn)
 u - a +1 pair of gloves (worn)
 v - +0 steam dragon scales (worn)
 M - an orb of guile
Magical Staves
 S - a staff of fire
Jewellery
 h - a ring of willpower (left hand)
Wands
 p - a wand of charming (11)
 D - a wand of polymorph (10)
 N - a wand of iceblast (14)
 R - a wand of light (7)
Scrolls
 g - 2 scrolls of enchant armour
 k - 2 scrolls of identify
 m - a scroll of amnesia {unknown}
 n - 3 scrolls of silence
 q - 3 scrolls of vulnerability
 r - a scroll of poison {unknown}
 s - a scroll of fear
 y - 2 scrolls of fog
 C - 2 scrolls of teleportation
 F - a scroll of torment {unknown}
 G - a scroll of noise {unknown}
 I - 3 scrolls of immolation
 P - a scroll of blinking {unknown}
Potions
 j - a potion of attraction
 l - 2 potions of lignification
 o - 4 potions of flight
 t - a potion of brilliance
 x - a potion of haste
 z - a potion of ambrosia
 B - 2 potions of might
 E - a potion of mutation
 H - 2 potions of invisibility {unknown}
 L - 3 potions of curing
 Q - 5 potions of resistance
 T - a potion of heal wounds
 U - 3 potions of magic {unknown}


   Skills:
 + Level 10.0 Fighting
 - Level 14.0 Long Blades
 - Level 2.0 Throwing
 - Level 5.5 Armour
 - Level 4.0 Dodging
 + Level 6.7 Invocations
 + Level 0.0 Evocations


You had 10 spell levels left.
You didn't know any spells.
Your spell library was empty.

Dungeon Overview and Level Annotations

Branches:
Dungeon (8/15)             Temple (0/1) D:6           Sewer (visited)
 Bailey (1/1)
   Lair: D:8-11

Altars:
Ashenzari
Okawaru
Sif Muna
Uskayaw

Shops:
D:1 =   D:4 *   D:5 ?**

Annotations:
D:2 Sigmund
D:5 2 runed translucent doors


Innate Abilities, Weirdness & Mutations

((You are very nimble when in or above water. (Stealth+, EV+, Speed+++)))
Your lower body shifts to a powerful aquatic tail in water.


Message History

An orc knight comes into view. It is wielding a +0 halberd.
The orc knight shouts!
An orc knight comes into view. It is wielding a +0 bardiche.
You feel yourself speed up.
The orc shouts!
An orc comes into view. It is wielding a +0 spear.
There is an open gate here.
The orc warrior hits you but does no damage.
The orc hits you but does no damage. The orc misses you. x2
You hit the orc. You drain the orc.
You kill the orc!
The orc hits you from afar with a +0 trident. x2
The orc knight hits you from afar with a +0 bardiche!!
The orc hits you but does no damage. The orc misses you.
You hit the orc knight. You drain the orc knight.
The orc knight is lightly wounded.
You hit the orc warrior. You drain the orc warrior.
The orc warrior is moderately wounded.
You can now pass through a line of other dancers.
You closely miss the orc warrior.
The orc warrior is moderately wounded.
The orc hits you from afar with a +0 trident.
The orc warrior closely misses you. The orc hits you but does no damage.
The orc knight hits you from afar with a +0 bardiche!
The orc knight roars a battlecry!
The orcs go into a battle-frenzy!
The orc completely misses you. The orc misses you.
The orc hits you with a +0 trident.
The orc warrior hits you with a +0 trident.
The orc hits you but does no damage. The orc barely misses you.
The orc knight hits you with a +0 bardiche!!
* * * LOW HITPOINT WARNING * * *
The orc hits you but does no damage. The orc warrior misses you.
You slash the orc!
You kill the orc!
You slash the orc warrior! You drain the orc warrior.
The orc warrior is almost dead.
The orc barely misses you. The orc warrior barely misses you.
The orc knight hits you with a +0 halberd!!
You die...

#.....#
#.....#
#.....#
#.....#
#.....#
##'''##
##.....##
#..ooo..#
#..#@#).#
#..o)oo.#
#....o..#
#.......#
##.....##
#+++++#


You could see 2 orc knights, 2 orc warriors and 3 orcs.

Vanquished Creatures
  Pikel (D:6)
  Joseph (D:7)
  A steam dragon (D:5)
  Eustachio (D:6)
  2 water moccasins (D:6)
  An ice beast (D:4)
  A sky beast (D:7)
  2 ogres (D:5)
  A black bear (D:5)
  3 orc warriors (Bailey)
  A phantom (D:5)
  Blork the orc (D:4)
  A kobold brigand (D:7)
  2 necrophages (D:5)
  2 bullfrogs
  3 scorpions
  2 howler monkeys
  Crazy Yiuf (D:4)
  4 hounds
  3 jellies
  2 orc priests
  Terence (D:3)
  3 iguanas
  4 orc wizards
  7 adders
  8 river rats
  2 white imps (D:7)
  An ufetubus (D:5)
  4 worms
  A dart slug (D:1)
  39 orcs
  7 endoplasms
  2 giant cockroaches (D:2)
  14 goblins
  8 hobgoblins
  2 quokkas
  11 ball pythons
  A bat (D:2)
  7 frilled lizards
  7 kobolds
  14 rats
179 creatures vanquished.

Vanquished Creatures (others)
  4 fungi (D:4)
4 creatures vanquished.

Grand Total: 183 creatures vanquished

Notes
Turn   | Place    | Note
-------+----------+-------------------------------------------
     0 | D:1      | porpoise the Merfolk Gladiator began the quest for the Orb.
     0 | D:1      | Reached XP level 1. HP: 16/16 MP: 1/1
   167 | D:1      | Reached skill level 4 in Long Blades
   209 | D:1      | Found Xesh's Jewellery Shop.
   225 | D:1      | Reached XP level 2. HP: 23/23 MP: 2/2
   906 | D:2      | Reached XP level 3. HP: 21/28 MP: 3/3
  1460 | D:2      | Found a shimmering blue altar of Sif Muna.
  1521 | D:2      | Noticed Sigmund
  1797 | D:3      | Found a faded altar of an unknown god.
  1831 | D:3      | Noticed Terence
  1843 | D:3      | Killed Terence
  1844 | D:3      | Reached skill level 5 in Long Blades
  1844 | D:3      | Reached XP level 4. HP: 27/35 MP: 4/4
  2072 | D:3      | Noticed a scorpion
  2082 | D:3      | Killed a scorpion
  2083 | D:3      | Reached skill level 6 in Long Blades
  2083 | D:3      | Reached XP level 5. HP: 41/41 MP: 5/5
  2691 | D:4      | Noticed Blork the orc
  2699 | D:4      | Killed Blork the orc
  2728 | D:4      | Found Kinetiq's Assorted Antiques.
  2737 | D:4      | Bought a scroll labelled BOXOFI BOEQOUNN for 29 gold pieces
  2737 | D:4      | Bought a metallic inky potion for 26 gold pieces
  2737 | D:4      | Bought a smoky white potion for 26 gold pieces
  2737 | D:4      | Bought a scroll labelled QIETOBABLI for 29 gold pieces
  2737 | D:4      | Bought a scroll labelled ECKYAW ZYGEP for 29 gold pieces
  2737 | D:4      | Bought a sedimented white potion for 26 gold pieces
  2737 | D:4      | Bought a scroll labelled OLINORCHY UGUME for 29 gold pieces
  2839 | D:4      | Reached XP level 6. HP: 35/48 MP: 6/6
  2846 | D:4      | Reached skill level 7 in Long Blades
  3798 | D:4      | Found a runed translucent door.
  3799 | D:4      | Noticed Crazy Yiuf
  3808 | D:4      | Killed Crazy Yiuf
  3887 | D:5      | Entered Level 5 of the Dungeon
  3887 | D:5      | Noticed an ice beast
  3906 | D:4      | Killed an ice beast
  3907 | D:4      | Reached skill level 5 in Fighting
  3907 | D:4      | Reached skill level 8 in Long Blades
  3907 | D:4      | Reached XP level 7. HP: 44/56 MP: 7/7
  4289 | D:5      | Found Haf Kuokk's Magic Scroll Emporium.
  4297 | D:5      | Bought a scroll of identify for 28 gold pieces
  4457 | D:5      | Found Rouc's Assorted Antiques.
  4501 | D:5      | Found a runed translucent door.
  4502 | D:5      | Noticed a vampire mosquito
  4506 | D:5      | Found a runed translucent door.
  4554 | D:5      | Reached skill level 9 in Long Blades
  4574 | D:5      | Reached XP level 8. HP: 64/64 MP: 8/8
  4828 | D:5      | Found Daboar's Neck Hole.
  4915 | D:5      | Found a hide-covered altar of Uskayaw.
  4963 | D:5      | Became a worshipper of Uskayaw the Reveller
  5114 | D:5      | Reached * piety under Uskayaw
  5120 | D:5      | Reached ** piety under Uskayaw
  5121 | D:5      | Reached skill level 10 in Long Blades
  5218 | D:5      | Found a broken altar of Ashenzari.
  5607 | D:6      | Found a glowing drain.
  5620 | D:6      | Reached skill level 11 in Long Blades
  5634 | D:6      | Noticed Pikel
  5645 | D:6      | Reached *** piety under Uskayaw
  5646 | D:6      | Noticed Eustachio
  5651 | D:6      | Killed Pikel
  5652 | D:6      | Reached XP level 9. HP: 15/72 MP: 9/9
  5670 | D:6      | Killed Eustachio
  5677 | D:6      | Reached **** piety under Uskayaw
  5781 | Sewer    | Entered a sewer
  6025 | Sewer    | Reached skill level 12 in Long Blades
  6335 | D:6      | Found a staircase to the Ecumenical Temple.
  6712 | D:6      | Found the +7 Throatcutter {drain, coup de grace}
  7298 | D:7      | Found an iron altar of Okawaru.
  7460 | D:7      | Noticed Joseph
  7475 | D:7      | Reached skill level 13 in Long Blades
  7477 | D:7      | Killed Joseph
  7993 | D:8      | Found a flagged portal.
  8012 | Bailey   | Entered a bailey
  8123 | Bailey   | Reached XP level 10. HP: 67/79 MP: 10/10
  8140 | Bailey   | Reached skill level 14 in Long Blades
  8140 | Bailey   | Reached skill level 1 in Invocations
  8143 | Bailey   | Reached ***** piety under Uskayaw
  8366 | Bailey   | Reached skill level 10 in Fighting
  8366 | Bailey   | Reached skill level 5 in Armour
  8366 | Bailey   | Reached XP level 11. HP: 90/90 MP: 11/16
  8401 | Bailey   | Noticed an orc knight
  8402 | Bailey   | Noticed an orc knight
  8412 | Bailey   | Demolished by an orc knight

Illustrated notes

Levels and vault maps discovered:
D:1:      psy_arrival_conway, layout_basic, serial_shops, shop,
          grunt_decor_mini_mirrors
D:2:      minmay_general_purpose_star, layout_loops_ring, basic_altar,
          uniq_sigmund
D:3:      layout_basic, nicolae_ecumenical_pavilion, st_stairs_7, uniq_terence
D:4:      layout_basic, serial_shops, nicolae_shop_advertising_works
          [nicolae_subvault_shop_adworks], kennysheep_minor_cross,
          nicolae_figureground_sparkle, uniq_crazy_yiuf_cottage,
          uniq_blork_the_orc
D:5:      lemuel_insect_pit, layout_loops_ring, nicolae_uskayaw_dance_hall,
          ashenzari_conservatory_becter, serial_shops, shop,
          nicolae_lakefront_shop, nicolae_shop_sticking_my_neck_out
D:6:      layout_basic, temple_pool_b, serial_curves, eino_curves_02,
          eino_curves_04, eino_curves_03, eino_curves_03, portal_sewer_entry_a,
          uniq_pikel, uniq_eustachio
D:7:      layout_basic, mainiacjoe_overflow_alcove_4, hangedman_decor_growths,
          kennysheep_generic_room_7, uniq_joseph
D:8:      layout_rooms, lemuel_coloured_pillars_altar, enter_bailey_5,
          gammafunk_ghost_arena, serial_shops, nicolae_shop_statue_plus
Bailey:   bailey_polearm_5, bailey

Skill      XL: |  1  2  3  4  5  6  7  8  9 10 |
---------------+-------------------------------+-----
Long Blades    | 4 5 6 8 9 11 13 14 | 14.0
Fighting       | 3 4 5 7 10 | 10.0
Armour         | 2 3 5 |  5.5
Invocations    | 6 |  6.7
Throwing       | |  2.0
Dodging        | |  4.0

Action                   |  1- 3 |  4- 6 |  7- 9 | 10-12 || total
-------------------------+-------+-------+-------+-------++-------
Melee: Long sword        |    94 |   136 |   293 |    24 ||   547
       Punch             |     1 |     1 |     2 |       ||     4
 Fire: Sling             |       |       |     1 |       ||     1
Throw: Throwing net      |     1 |     2 |       |       ||     3
       Dart              |     3 |    17 |    34 |       ||    54
       Boomerang         |       |     3 |       |       ||     3
Evoke: Wand              |       |       |     1 |       ||     1
  Use: Scroll            |     2 |       |    12 |       ||    14
       Potion            |       |     8 |     3 |     2 ||    13
 Stab: Sleeping          |     1 |       |     3 |       ||     4
       Held in net/web   |       |     2 |       |       ||     2
       Paralysed         |       |       |     5 |     1 ||     6
       Distracted        |       |       |     1 |       ||     1
Armor: Leather armour    |    18 |    43 |       |       ||    61
       Skin              |       |    33 |       |       ||    33
       Ring mail         |       |    15 |    13 |       ||    28
       Steam dragon scal |       |       |    78 |    12 ||    90
Dodge: Dodged            |    51 |    81 |   168 |    41 ||   341

Table legend: (Time is in decaauts)
 A = Elapsed time spent in this place.
 B = Non-inter-level travel time spent in this place.
 C = Inter-level travel time spent in this place.
 D = Time resting spent in this place.
 E = Time spent auto-exploring this place.
 F = Levels seen in this place.
 G = Mean time per level.
                   A        B        C        D        E       F      G
               +--------+--------+--------+--------+--------+-----+--------+
         Total |   8335 |   8086 |    249 |   2251 |   3775 |  10 |  833.5 |
       Dungeon |   7447 |   7198 |    249 |   1738 |   3741 |   8 |  930.9 |
         Sewer |    501 |    501 |      0 |    277 |      0 |   1 |  501.0 |
        Bailey |    386 |    386 |      0 |    236 |     34 |   1 |  386.0 |
               +--------+--------+--------+--------+--------+-----+--------+

Top non-repeatable levels by time:
     D:5: 1579 daAuts
     D:4: 1277 daAuts
     D:2: 1066 daAuts
     D:7: 975 daAuts
     D:6: 923 daAuts
     D:3: 865 daAuts
     D:1: 742 daAuts
   Sewer: 501 daAuts
  Bailey: 386 daAuts
     D:8: 16 daAuts
